 Dungeon Crawl Stone Soup version 0.22-a0-533-g4d20840e7c (webtiles) character file.

9956 Niddhogr the Covert (level 11, -4/87 HPs)
             Began as a Formicid Fighter on June 22, 2018.
             Was an Initiate of Gozag.
             Slain by M4edhros's ghost (20 damage)
             ... on level 10 of the Dungeon.
             The game lasted 00:26:59 (10025 turns).

Niddhogr the Covert (Formicid Fighter)             Turns: 10025, Time: 00:27:01

Health: -4/87      AC:  5    Str: 26    XL:     11   Next: 84%
Magic:  0/16       EV: 22    Int:  8    God:    Gozag
Gold:   1738       SH: 13    Dex: 24    Spells: 10/10 levels left

rFire    . . .     SeeInvis +   q - +3 spear (venom)
rCold    . . .     Gourm    .   c - +0 shield
rNeg     . . .     Faith    .   I - +1 leather armour "Uphaklu" {Dex+6} (curse)
rPois    +         Spirit   +   (helmet unavailable)
rElec    .         Reflect  .   w - scarf {Spirit}
rCorr    .         Harm     .   (no gloves)
MR       +....                  C - +0 pair of boots
Stlth    +++++++...             v - amulet of the acrobat
HPRegen  0.24/turn              r - ring of poison resistance
MPRegen  0.15/turn              H - ring of stealth

@: mighty, agile, drained
A: permanent stasis, dig shafts and tunnels, four strong arms, antennae 3
a: Dig, Shaft Self, Potion Petition, Call Merchant, Bribe Branch, Renounce
Religion


You were on level 10 of the Dungeon.
You worshipped Gozag.
Gozag was most pleased with you.
You were not hungry.

You visited 2 branches of the dungeon, and saw 11 of its levels.

You collected 1799 gold pieces.
You paid 61 gold pieces to Gozag.

Inventory:

Hand Weapons
 q - a +3 spear of venom (weapon)
 G - a +1 antimagic halberd
Missiles
 g - a throwing net
 z - 7 javelins (quivered)
Armour
 c - a +0 shield (worn)
 w - a scarf of spirit shield (worn)
 A - a +0 cloak
 C - a +0 pair of boots (worn)
 I - the cursed +1 leather armour "Uphaklu" (worn) {Dex+6}
   (You found it on level 9 of the Dungeon)

   It affects your dexterity (+6).
   It has a curse placed upon it.
Jewellery
 k - an uncursed amulet of guardian spirit
 o - an uncursed ring of protection from fire
 r - a ring of poison resistance (left hand)
 t - an uncursed ring of flight
 v - an amulet of the acrobat (around neck)
 x - an uncursed amulet of harm
 H - a ring of stealth (right hand)
Wands
 j - a wand of paralysis (15)
 n - a wand of digging (16)
 s - a wand of random effects (20)
Scrolls
 a - a scroll of fear {unknown}
 b - a scroll of vulnerability {unknown}
 i - 3 scrolls of remove curse
 m - 5 scrolls of amnesia
 u - 2 scrolls of enchant armour
 y - a scroll of summoning {unknown}
 J - a scroll of fog {unknown}
 K - a scroll of immolation {unknown}
Potions
 d - 2 potions of might
 e - 10 potions of curing
 h - a potion of resistance
 l - a potion of brilliance
 p - 3 potions of mutation
 B - a potion of ambrosia
 D - 2 potions of lignification
 E - a potion of cancellation {unknown}
Comestibles
 f - 12 rations


   Skills:
 - Level 8.4(7.8) Fighting
 + Level 8.4(7.8) Polearms
 + Level 4.0(3.5) Armour
 - Level 6.2(5.7) Dodging
 - Level 10.0(9.4) Stealth
 - Level 8.9(8.3) Shields
 - Level 7.3(6.7) Evocations


You had 10 spell levels left.
You didn't know any spells.
Your spell library contained the following spells:

 Spells                   Type           Power        Failure   Level  Hunger
 Magic Dart               Conj           #...         50%         1    ##.....
 Conjure Flame            Conj/Fire      #.......     86%         3    ####...
 Slow                     Hex            #.......     63%         2    ###....
 Confuse                  Hex            #.......     86%         3    ####...
 Throw Frost              Conj/Ice       #.....       63%         2    ###....
 Mephitic Cloud           Conj/Pois/Air  #.......     86%         3    ####...
 Blink                    Tloc           N/A          63%         2    ###....
 Freeze                   Ice            #...         50%         1    ##.....
 Summon Ice Beast         Ice/Summ       #.......     99%         4    #####..
 Ozocubu's Armour         Chrm/Ice       #.......     86%         3    ####...
 Call Imp                 Summ           #.......     63%         2    ###....
 Throw Icicle             Conj/Ice       #.......     99%         4    #####..
 Confusing Touch          Hex            #.....       50%         1    ##.....
 Metabolic Englaciation   Hex/Ice        #.........   100%        5    ######.
 Petrify                  Tmut/Erth      #.......     99%         4    #####..
 Gell's Gravitas          Tloc           #.........   86%         3    ####...
 Yara's Violent Unravell  Hex/Tmut       #.........   100%        5    ######.


Dungeon Overview and Level Annotations

Branches:
Dungeon (10/15)            Temple (1/1) D:5            Lair (0/6) D:9
    Orc: D:9-12

Altars:
Ashenzari
Cheibriados
Dithmenos
Elyvilon
Fedhas
Gozag
Hepliaklqana
Kikubaaqudgha
Makhleb
Nemelex Xobeh
Okawaru
Qazlal
Ru
Sif Muna
Trog
Uskayaw
Vehumet
Wu Jian
Xom
Yredelemnul
Zin
The Shining One

Annotations:
D:10 M4edhros's ghost, journeyman GnAr


Innate Abilities, Weirdness & Mutations

You cannot be hasted, slowed, berserked, paralysed or teleported.
You can dig through walls and to a lower floor.
Your four strong arms can wield two-handed weapons with a shield.
You have a pair of large antennae on your head. (SInv)


Message History

You hit M4edhros's ghost but do no damage.
M4edhros's ghost is almost destroyed.
You hit M4edhros's ghost but do no damage.
M4edhros's ghost is almost destroyed.
M4edhros's ghost closely misses you.
You hit M4edhros's ghost but do no damage.
M4edhros's ghost is almost destroyed.
You block M4edhros's ghost's attack.
You hit M4edhros's ghost but do no damage.
M4edhros's ghost is almost destroyed.
You completely miss M4edhros's ghost.
M4edhros's ghost is almost destroyed.
You block M4edhros's ghost's attack.
You completely miss M4edhros's ghost.
M4edhros's ghost is almost destroyed.
M4edhros's ghost hits you.
* * * LOW HITPOINT WARNING * * *
You are electrocuted!
You die...
Your body crumbles into a pile of gold.

#..##########..############
#######..##########..............
.................................
........................#########
#####..###############..#########
#####..###############...........
.................................
........................#########
.###########....@.......# # .#
#..##W##.....# # .#
#..#$$.#.....# #
)###########..#.8.#.....#########
..............#####..............
.................................
############..#######............
#..# #..##########
#..#######..##########


You could see M4edhros's ghost.

Vanquished Creatures
  5 two-headed ogres
  An unseen horror (D:9)
  A komodo dragon (D:9)
  2 trolls (D:9)
  A hornet (D:10)
  2 hippogriffs
  A basilisk (D:9)
  A hungry ghost (D:10)
  A steam dragon (D:9)
  A water moccasin (D:10)
  Duvessa (D:5)
  6 orc warriors
  An ice beast (D:9)
  A sky beast (D:7)
  6 ogres
  2 phantoms
  3 centaurs
  4 big kobolds
  A crocodile (D:9)
  Blork the orc (D:6)
  5 bullfrogs
  Dowan (D:5)
  2 scorpions
  12 killer bees
  A howler monkey (D:5)
  5 crimson imps
  2 quasits
  3 hounds
  A jelly (D:7)
  4 orc priests
  7 orc wizards
  3 centaur skeletons
  A bullfrog skeleton (D:4)
  Crazy Yiuf (D:6)
  Terence (D:3)
  2 iguanas
  5 worker ants
  3 hound zombies (D:6)
  A hound skeleton (D:5)
  2 worker ant zombies
  4 gnolls (D:7)
  2 howler monkey zombies
  11 adders
  2 howler monkey skeletons
  2 shadow imps
  2 oozes
  An adder zombie (D:6)
  An adder skeleton (D:4)
  4 worms
  A dart slug (D:3)
  5 leopard geckos
  40 orcs
  7 bats
  7 giant cockroaches
  10 goblins
  7 hobgoblins
  11 jackals
  24 kobolds
  3 quokkas
  2 ball pythons
  6 frilled lizards
  16 rats
272 creatures vanquished.

Vanquished Creatures (others)
  2 withered plants (D:10)
2 creatures vanquished.

Grand Total: 274 creatures vanquished

Notes
Turn   | Place    | Note
-------+----------+-------------------------------------------
     0 | D:1      | Niddhogr the Formicid Fighter began the quest for the Orb.
     0 | D:1      | Reached XP level 1. HP: 18/18 MP: 1/1
   253 | D:1      | Reached skill level 1 in Stealth
   264 | D:1      | Reached XP level 2. HP: 20/24 MP: 2/2
   370 | D:1      | Reached skill level 2 in Stealth
   398 | D:1      | Reached XP level 3. HP: 28/29 MP: 3/3
  1044 | D:1      | You fall through a shaft!
  1085 | D:2      | Reached XP level 4. HP: 34/35 MP: 4/4
  1094 | D:2      | Reached skill level 3 in Stealth
  1429 | D:2      | Reached XP level 5. HP: 33/41 MP: 3/5
  1468 | D:2      | Reached skill level 4 in Stealth
  1744 | D:3      | Noticed Terence
  1939 | D:3      | Killed Terence
  2157 | D:3      | Found an iron altar of Okawaru.
  2346 | D:4      | Reached XP level 6. HP: 47/47 MP: 6/6
  2393 | D:4      | Reached skill level 5 in Stealth
  2581 | D:4      | Reached skill level 5 in Polearms
  2773 | D:4      | Reached XP level 7. HP: 52/52 MP: 7/7
  2775 | D:4      | Reached skill level 6 in Stealth
  2954 | D:5      | Entered Level 5 of the Dungeon
  3126 | D:5      | Noticed Dowan
  3146 | D:5      | Killed Dowan
  3161 | D:5      | Noticed Duvessa
  3174 | D:5      | Killed Duvessa
  3174 | D:5      | Reached skill level 7 in Stealth
  3473 | D:5      | Reached XP level 8. HP: 52/58 MP: 8/8
  3628 | D:5      | Reached skill level 8 in Stealth
  3864 | D:5      | Found a staircase to the Ecumenical Temple.
  3870 | Temple   | Entered the Ecumenical Temple
  3956 | Temple   | Became a worshipper of Gozag Ym Sagoz the Greedy
  4278 | D:6      | Reached skill level 9 in Stealth
  4323 | D:6      | Noticed Blork the orc
  4335 | D:6      | Killed Blork the orc
  4399 | D:6      | Reached XP level 9. HP: 48/64 MP: 7/9
  4764 | D:6      | Reached skill level 10 in Stealth
  5109 | D:6      | Found a runed door.
  5148 | D:6      | Noticed Crazy Yiuf
  5154 | D:6      | Killed Crazy Yiuf
  5322 | D:7      | Reached skill level 1 in Dodging
  6087 | D:7      | Reached skill level 5 in Fighting
  6248 | D:8      | Noticed a two-headed ogre
  6264 | D:8      | Killed a two-headed ogre
  6264 | D:8      | Reached XP level 10. HP: 69/77 MP: 10/10
  6284 | D:8      | Reached skill level 5 in Dodging
  6646 | D:8      | Found a snail-covered altar of Cheibriados.
  6817 | D:8      | Noticed a two-headed ogre
  7044 | D:8      | Killed a two-headed ogre
  7548 | D:9      | Reached skill level 1 in Evocations
  7615 | D:9      | Noticed a two-headed ogre
  7639 | D:9      | Killed a two-headed ogre
  7639 | D:9      | Reached skill level 5 in Shields
  7646 | D:9      | Got a faintly glowing leather armour
  7663 | D:9      | Identified the cursed +1 leather armour "Uphaklu" {Dex+6} (You found it on level 9 of the Dungeon)
  7772 | D:9      | Reached XP level 11. HP: 55/87 MP: 7/13
  8598 | D:9      | Reached skill level 5 in Evocations
  8699 | D:9      | Noticed an unseen horror
  8721 | D:9      | Killed an unseen horror
  8774 | D:9      | Found a staircase to the Lair.
  8888 | D:10     | Entered Level 10 of the Dungeon
  9139 | D:10     | Noticed a two-headed ogre
  9180 | D:10     | Killed a two-headed ogre
  9243 | D:10     | Found a shadowy altar of Dithmenos.
  9310 | D:10     | Noticed a two-headed ogre
  9327 | D:10     | Killed a two-headed ogre
  9365 | D:10     | Found a runed door.
  9365 | D:10     | Noticed M4edhros's ghost (journeyman GnAr)
 10009 | D:10     | HP: 4/87 [M4edhros's ghost (9)]
 10025 | D:10     | Slain by M4edhros's ghost

Vault maps used:
D:1:      erik_arrival_orb_chamber, corexii_hall_statues_x
D:3:      okawaru_ov_weapons_minmay, uniq_terence
D:4:      first_ration
D:5:      minmay_temple_entry_fiery, uniq_duvessa
D:6:      uniq_blork_the_orc, uniq_crazy_yiuf_cottage
D:8:      cheibrodos_worm_habitat
D:9:      erik_lair_dragon, grunt_ogre_cave
D:10:     gammafunk_ghost_grave, nicolae_dithmenos_the_darkroom
Temple:   compressed_dpeg_triangle_lava_temple

Skill      XL: |  1  2  3  4  5  6  7  8  9 10 11 |
---------------+----------------------------------+-----
Stealth        | 1 2 3 4 5 7 9 10 | 10.0
Polearms       | 3 4 5 6 7 8 |  8.4
Dodging        | 4 6 |  6.2
Fighting       | 6 8 |  8.4
Shields        | 5 8 |  8.9
Evocations     | 3 7 |  7.3
Armour         | 4 |  4.0

Action                   |  1- 3 |  4- 6 |  7- 9 | 10-12 || total
-------------------------+-------+-------+-------+-------++-------
Melee: Trident           |   145 |   228 |       |       ||   373
       Spear             |       |    44 |   338 |   435 ||   817
Invok: Potion Petition   |       |       |       |     1 ||     1
 Abil: Dig               |       |       |     1 |       ||     1
Evoke: Wand              |       |       |     1 |    10 ||    11
  Use: Scroll            |       |     1 |     7 |     6 ||    14
       Potion            |       |       |       |     2 ||     2
 Stab: Sleeping          |       |     1 |    14 |    17 ||    32
       Distracted        |       |       |     3 |     8 ||    11
  Eat: Chunk             |       |     7 |     3 |       ||    10
       Ration            |       |       |     2 |     4 ||     6
Armor: Scale mail        |    58 |    84 |    34 |    10 ||   186
       Leather armour    |       |       |       |    24 ||    24
Dodge: Dodged            |    47 |    60 |    54 |   118 ||   279
Block: Shield            |    59 |   118 |    87 |   177 ||   441

Table legend:
 A = Spawn XP
 B = Non-spawn XP
 C = Spawn XP percentage of total XP
 D = Spawn monster count
 E = Non-spawn monster count
 F = Spawn count percentage of total count
 G = Total turns spent on level
                    A         B        C        D         E        F      G
               +---------+---------+-------+---------+---------+-------+---------
         Total |       0 |   14223 |   0.0 |       0 |     272 |   0.0 | 10025
               +---------+---------+-------+---------+---------+-------+---------
           D:1 |       0 |      67 |   0.0 |       0 |      40 |   0.0 |  1158
           D:2 |       0 |     104 |   0.0 |       0 |      30 |   0.0 |   531
           D:3 |       0 |      83 |   0.0 |       0 |      22 |   0.0 |   626
           D:4 |       0 |     281 |   0.0 |       0 |      13 |   0.0 |   639
           D:5 |       0 |     752 |   0.0 |       0 |      16 |   0.0 |   973
           D:6 |       0 |    1134 |   0.0 |       0 |      36 |   0.0 |  1224
           D:7 |       0 |     686 |   0.0 |       0 |      19 |   0.0 |   896
           D:8 |       0 |    3345 |   0.0 |       0 |      28 |   0.0 |  1390
           D:9 |       0 |    4644 |   0.0 |       0 |      47 |   0.0 |  1492
          D:10 |       0 |    3127 |   0.0 |       0 |      21 |   0.0 |   990
               +---------+---------+-------+---------+---------+-------+---------
